 Dungeon Crawl Stone Soup version 0.29.1-1-gd02db6906a (console) character file.

Game seed: 7327657101269556511

42 shmup the Ruffian (level 3, -10/28 HPs)
             Began as a Draconian Transmuter on Sept 17, 2022.
             Mangled by an iguana (12 damage)
             ... on level 3 of the Dungeon.
             The game lasted 00:05:41 (1908 turns).

shmup the Ruffian (Draconian Transmuter)            Turns: 1908, Time: 00:05:42

Health: -10/28     AC:  7    Str: 12    XL:     3   Next: 35%
Magic:  5/6        EV: 12    Int: 15    God:
Gold:   98         SH:  0    Dex: 11    Spells: 5/6 levels left

rFire   . . .      SeeInvis .     - Unarmed
rCold   . . .      Faith    .   (no shield)
rNeg    . . .      Spirit   .   (body armour unavailable)
rPois   .          Reflect  .   (helmet currently unavailable)
rElec   .          Harm     .   f - +1 cloak
rCorr   .          Rampage  .   (no gloves)
Will    .....                   (boots currently unavailable)
Stlth   +.........              (no amulet)
HPRegen 0.09/turn               (no ring)
MPRegen 0.10/turn               (no ring)

@: appendages
A: horns 2, talons 2, AC +5, unfitting armour, cold-blooded
a: End Transformation


You were on level 3 of the Dungeon.
You had temporarily grown beastly horns and talons.
You visited 1 branch of the dungeon, and saw 3 of its levels.

You collected 98 gold pieces.

Inventory:

Missiles
 b - 18 stones (quivered)
Armour
 f - a +1 cloak (worn)
Jewellery
 i - an amulet of faith
Scrolls
 c - a scroll of blinking {unknown}
 e - a scroll of poison {unknown}
 h - 2 scrolls of acquirement {unknown}
 j - a scroll of identify {unknown}
 k - a scroll of fear {unknown}
 l - a scroll of teleportation {unknown}
 m - 2 scrolls of amnesia {unknown}
Potions
 a - 3 potions of lignification
 d - a potion of magic {unknown}
 g - a potion of mutation {unknown}


   Skills:
 - Level 1.4 Fighting
 - Level 1.9 Dodging
 + Level 3.6 Unarmed Combat
 - Level 2.1 Spellcasting
 + Level 2.8 Transmutations


You had 5 spell levels left.
You knew the following spells:

 Your Spells              Type           Power      Damage    Failure   Level
a - Beastly Appendage     Tmut           20%        N/A       7%          1

Your spell library contained the following spells:

 Spells                   Type           Power      Damage    Failure   Level
 Wereblood                Tmut           10%        N/A       11%         2
 Magic Dart               Conj           4%         1d3       22%         1
 Call Imp                 Summ           1%         N/A       32%         2
 Searing Ray              Conj           2%         2d4       32%         2
 Spider Form              Tmut/Pois      5%         N/A       36%         3
 Ignite Poison            Fire/Tmut/Pois 4%         N/A       41%         3
 Mephitic Cloud           Conj/Pois/Air  1%         N/A       54%         3
 Ice Form                 Ice/Tmut       5%         N/A       77%         4
 Fulminant Prism          Conj/Hex       0%         3d6       91%         4
 Freezing Cloud           Conj/Ice/Air   0%         6-21      99%         5


Dungeon Overview and Level Annotations

Branches:
Dungeon (3/15)

Altars:

Annotations:
D:2 exclusion: downstairs
D:3 1 runed translucent door, swilekon's ghost, weakling OpMo


Innate Abilities, Weirdness & Mutations

You have temporarily grown beastly horns and talons.
Your plain brown scales are hard. (AC +5)
You cannot fit into any form of body armour.
You are cold-blooded and may be slowed by cold attacks.


Message History

Found 11 gold pieces.
You see here a ball python corpse.
Unknown command.
You start resting.
Magic restored.
You now have 87 gold pieces (gained 12).
Your transformation is almost over.
You now have 98 gold pieces (gained 11).
Your horns disappear.
Your talons disappear.
You open the door.
Found a stone staircase leading down.
There is an open door here.
There is a stone staircase leading down here.
An iguana comes into view.
Autopickup is now off.
Autopickup is now on.
The iguana hisses angrily.
You closely miss the iguana.
Your tail-slap misses the iguana.
The iguana bites you!
* * * LOW HITPOINT WARNING * * *
You barely miss the iguana. The iguana closely misses you.
You hit the iguana.
The iguana is lightly wounded.
The iguana bites you but does no damage.
Sorry, you're not good enough to have a special ability.
The iguana bites you.
* * * LOW HITPOINT WARNING * * *
Unknown command.
The iguana attacks as you move away!
The iguana bites you but does no damage.
The iguana attacks as you move away! The iguana bites you.
* * * LOW HITPOINT WARNING * * *
Casting: Beastly Appendage (safe; 7% risk of failure)
Confirm with . or Enter, or press ? or * to list all spells.
You grow a pair of large bovine horns.
Your feet morph into talons.
The iguana bites you!
* * * LOW HITPOINT WARNING * * *
You closely miss the iguana. You claw the iguana.
The iguana is moderately wounded.
The iguana bites you!
You die...

▒▒▒
▒.▒
▒.▒
▒▒▒▒.▒
▒....▒
▒.▒▒l▒
▒. ▒d▒
▒ ▒.▒
▒.▒
▒.▒
▒.▒
▒.▒
▒.▒
▒.▒
▒.▒
▒.▒
▒.▒


You could see an iguana.

Vanquished Creatures
  An adder (D:3)
  A worm (D:2)
  A dart slug (D:2)
  2 goblins (D:1)
  2 hobgoblins
  3 quokkas (D:1)
  3 ball pythons
  3 bats
  4 frilled lizards
  4 kobolds
  7 rats
31 creatures vanquished.

Notes
Turn   | Place    | Note
-------+----------+-------------------------------------------
     0 | D:1      | shmup the Draconian Transmuter began the quest for the Orb.
     0 | D:1      | Reached XP level 1. HP: 16/16 MP: 3/3
    74 | D:1      | Reached XP level 2. HP: 16/23 MP: 3/5
   584 | D:1      | Found a faded altar of an unknown god.
  1545 | D:3      | Noticed a phantom
  1613 | D:3      | Reached XP level 3. HP: 28/28 MP: 6/6
  1642 | D:3      | Found a runed translucent door.
  1647 | D:3      | Noticed swilekon's ghost (weakling OpMo)
  1647 | D:3      | Noticed a bullfrog
  1907 | D:3      | HP: 1/28 [iguana (8)]
  1908 | D:3      | Mangled by an iguana

Illustrated notes

Levels and vault maps discovered:
D:1:      scummos_arrival_forest, layout_rooms,
          ebering_ecumenical_altar_sacrificial
D:2:      layout_basic, kennysheep_small_spiral
D:3:      layout_basic, overflow_temple_1_default, ebering_ghost_sewer_f

Action                   || total
-------------------------++-------
Melee: Unarmed           ||    75
       Kick              ||    11
       Headbutt          ||     4
       Tailslap          ||     3
       Punch             ||     1
 Cast: Beastly Appendage ||    11
Armor: Skin              ||    23
Dodge: Dodged            ||    46
